 Dungeon Crawl Stone Soup version 0.19.5 (webtiles) character file.

8820 Monsterracer the Cleaver (level 11, -4/97 HPs)
             Began as a Deep Dwarf Fighter on May 3, 2017.
             Was a Priest of Makhleb.
             Killed from afar by a deep elf mage (12 damage)
             ... with a bolt of magma
             ... on level 10 of the Dungeon.
             The game lasted 00:47:04 (9795 turns).

Monsterracer the Cleaver (Deep Dwarf Fighter)       Turns: 9795, Time: 00:47:05

Health: -4/97      AC: 15    Str: 19    XL:     11   Next: 14%
Magic:  13/13      EV: 12    Int:  8    God:    Makhleb [***...]
Gold:   475        SH: 11    Dex: 15    Spells: 0 memorised, 10 levels left

rFire  + . .     SeeInvis .     a - +1 war axe
rCold  . . .     Gourm    .     B - +0 scale mail
rNeg   . . .     Faith    .     r - +2 shield
rPois  .         Spirit   .     x - +0 helmet
rElec  .         Reflect  .     D - +0 cloak
rCorr  .         Harm     .     s - +0 pair of gloves
MR     +....                    m - +2 pair of boots {Fly}
Stlth  +.........               (no amulet)
                                (no ring)
                                (no ring)

@: flying, non-regenerating
A: damage resistance, recharge devices, camouflage 1, dopey 1, fire resistance
1, sense surroundings 2, slow regeneration 3, sturdy frame 1
a: Device Recharging, Minor Destruction, Lesser Servant of Makhleb, Renounce
Religion, Stop Flying


You were on level 10 of the Dungeon.
You worshipped Makhleb.
Makhleb was most pleased with you.
You were not hungry.

You visited 2 branches of the dungeon, and saw 11 of its levels.

You collected 475 gold pieces.

Inventory:

Hand Weapons
 a - a +1 war axe (weapon)
 i - a +0 hand crossbow
 j - a +2 spear
Missiles
 n - 62 bolts
Armour
 m - a +2 pair of boots of flying (worn)
 r - a +2 shield (worn)
 s - a +0 pair of gloves (worn)
 x - a +0 helmet (worn)
 B - a +0 scale mail (worn)
 D - a +0 cloak (worn)
Wands
 c - a wand of confusion (42/48)
 d - a wand of paralysis (4/24)
 e - a wand of heal wounds (0/9)
 o - a wand of acid (7/15)
 w - a wand of enslavement (7/24)
 z - a wand of paralysis (13/24)
Scrolls
 b - 6 scrolls of immolation
 g - 4 scrolls of remove curse
 h - 4 scrolls of enchant armour
 q - 6 scrolls of identify
 t - 2 scrolls of amnesia
 u - 2 scrolls of blinking
 y - a scroll of fear
Potions
 k - a potion of curing
Comestibles
 f - 6 bread rations
 l - 8 slices of pizza
 p - 6 meat rations
 v - 16 fruits
 A - a royal jelly
 C - 2 chunks of flesh


   Skills:
 + Level 6.2 Fighting
 * Level 12.0 Axes
 + Level 6.7 Crossbows
 + Level 7.3 Armour
 + Level 6.6 Dodging
 - Level 3.2 Shields
 + Level 7.3 Invocations


You had 10 spell levels left.
You didn't know any spells.

Dungeon Overview and Level Annotations

Branches:
Dungeon (10/15)            Temple (1/1) D:6
   Lair: D:8-11         Orc: D:9-12

Altars:
Ashenzari
Cheibriados
Dithmenos
Elyvilon
Fedhas
Gozag
Hepliaklqana
Kikubaaqudgha
Makhleb
Nemelex Xobeh
Okawaru
Qazlal
Ru
Sif Muna
Trog
Uskayaw
Vehumet
Xom
Yredelemnul
Zin
The Shining One


Innate Abilities, Weirdness & Mutations

You are resistant to damage.
You can recharge devices by infusing magical energy.
You passively map the area around you.
You do not regenerate.
Your skin changes colour to match your surroundings (Stealth+).
You are dopey. (Int -2)
Your flesh is heat resistant. (rF+)
Your movements are slightly less encumbered by armour. (ER -2)


Message History

The deep elf mage is heavily wounded.
Your shield prevents you from hitting the earth elemental.
The earth elemental closely misses you.
You hit the deep elf mage.
The deep elf mage is heavily wounded.
You hit the earth elemental but do no damage.
The deep elf mage gestures wildly while chanting.
The deep elf mage blinks!
The earth elemental hits you!!
* * * LOW HITPOINT WARNING * * *
You see here a bolt.
You barely miss the deep elf mage.
The deep elf mage is heavily wounded.
You hear the creaking of a very distant portcullis.
The deep elf mage barely misses you.
You slash the deep elf mage!
The deep elf mage is severely wounded.
The deep elf mage casts a spell at you. The bolt of magma hits you!
You partially resist.
You die...

* , * #.####.#.##.....# * ,
#. * .#.####.### , #., ,
.#.####}## ,,,, ,*
########......## * *
#######...########..# , *
##...###...###...###.## ,*
*##....###...###....##..# ,
, ##..#..##.e...##..#..##.#
#..##..#E@.#.).#..##.)#.# ,
*#..###(...###....###..#.#
, >
#..###....###....###..#.# ,
#..####...###...####..#.# ,
,
,....#################....#
, ....# ,** ##...# ** #..#
*, ##..# ***### * #### *


You could see an earth elemental and a deep elf mage.

Vanquished Creatures
  A hydra (D:9)
  Erica (D:7)
  A polar bear (D:9)
  A troll (D:9)
  A two-headed ogre (D:8)
  A hornet (D:8)
  2 dream sheep (D:9)
  Sigmund (D:6)
  9 yaks (D:9)
  4 orc warriors
  A black bear (D:9)
  3 sky beasts
  4 ice beasts
  2 phantoms
  A necrophage (D:9)
  An ogre (D:9)
  A centaur (D:3)
  3 wolves (D:9)
  5 big kobolds
  5 bullfrogs
  3 scorpions
  8 wights (D:9)
  4 electric eels
  7 howler monkeys
  4 crimson imps
  A quasit (D:6)
  6 hounds
  2 jellies
  2 gnoll shamans
  9 orc priests
  11 orc wizards
  An iguana (D:9)
  6 worker ants
  A bullfrog simulacrum (D:9)
  A centaur simulacrum (D:9)
  Robin (D:2)
  10 gnolls
  15 adders
  2 shadow imps
  An ufetubus (D:9)
  An adder zombie (D:6)
  A worm (D:2)
  2 dart slugs
  3 leopard geckos
  32 orcs
  3 giant cockroaches (D:4)
  11 goblins
  15 hobgoblins
  15 jackals
  2 quokkas
  A ball python (D:2)
  10 bats
  4 frilled lizards
  A jackal skeleton (D:4)
  16 kobolds
  2 quokka skeletons
  7 rats
269 creatures vanquished.

Vanquished Creatures (others)
  An orc wizard (D:4)
  A fungus (D:10)
  3 plants
5 creatures vanquished.

Grand Total: 274 creatures vanquished

Notes
Turn   | Place    | Note
-------+----------+-------------------------------------------
     0 | D:1      | Monsterracer the Deep Dwarf Fighter began the quest for the Orb.
     0 | D:1      | Reached XP level 1. HP: 20/20 MP: 1/1
     4 | D:1      | Gained mutation: Your movements are slightly less encumbered by armour. (ER -2) [potion of mutation]
     4 | D:1      | Gained mutation: Your flesh is heat resistant. (rF+) [potion of mutation]
     4 | D:1      | Gained mutation: You are dopey. (Int -2) [potion of mutation]
   212 | D:1      | Reached skill level 3 in Axes
   267 | D:1      | Reached XP level 2. HP: 27/27 MP: 2/2
   637 | D:1      | Reached XP level 3. HP: 23/33 MP: 3/3
   936 | D:2      | Reached skill level 4 in Axes
  1610 | D:2      | Reached XP level 4. HP: 28/40 MP: 4/4
  1840 | D:3      | Noticed Robin
  1846 | D:2      | Reached skill level 5 in Axes
  1907 | D:2      | Killed Robin
  1931 | D:3      | Noticed a centaur
  1949 | D:3      | Killed a centaur
  1949 | D:3      | Reached skill level 6 in Axes
  1949 | D:3      | Reached XP level 5. HP: 11/46 MP: 5/5
  2633 | D:3      | Found an opulent altar of Gozag.
  2635 | D:3      | Found a stormy altar of Qazlal.
  2635 | D:3      | Found an iron altar of Okawaru.
  2639 | D:3      | Found a bloodstained altar of Trog.
  2774 | D:4      | Gained mutation: You evolve. [potion of beneficial mutation]
  2985 | D:4      | Found a shattered altar of Ashenzari.
  3008 | D:4      | Reached skill level 7 in Axes
  3008 | D:4      | Reached XP level 6. HP: 30/55 MP: 6/6
  3154 | D:4      | Found a snail-covered altar of Cheibriados.
  3287 | D:5      | Entered Level 5 of the Dungeon
  3320 | D:5      | Gained mutation: Your skin changes colour to match your surroundings (Stealth+). [evolution]
  3320 | D:5      | Lost mutation: You evolve. [end of evolution]
  3477 | D:5      | Reached skill level 8 in Axes
  3629 | D:5      | Reached skill level 1 in Dodging
  3629 | D:5      | Reached XP level 7. HP: 34/61 MP: 7/7
  4287 | D:4      | Reached skill level 1 in Crossbows
  4546 | D:6      | Found an iron altar of Okawaru.
  4656 | D:6      | Noticed Sigmund
  4670 | D:6      | Killed Sigmund
  4693 | D:6      | Reached XP level 8. HP: 34/69 MP: 8/8
  4711 | D:6      | Reached skill level 9 in Axes
  4717 | D:6      | Found a staircase to the Ecumenical Temple.
  4722 | Temple   | Entered the Ecumenical Temple
  4790 | Temple   | Became a worshipper of Makhleb the Destroyer
  4935 | D:6      | Found a radiant altar of Vehumet.
  5005 | D:6      | Reached skill level 1 in Invocations
  5721 | D:7      | Reached * piety under Makhleb
  5752 | D:7      | Reached skill level 5 in Armour
  5954 | D:7      | Gained mutation: You passively map the area around you. [Deep Dwarf growth]
  5954 | D:7      | Reached XP level 9. HP: 31/78 MP: 11/11
  6038 | D:7      | Got a translucent quarterstaff {crush}
  6045 | D:7      | Identified the +7 quarterstaff "Fakukh" {crush, MR++} (You took it off an orc wizard on level 7 of the Dungeon)
  6478 | D:8      | Reached skill level 10 in Axes
  6611 | D:8      | Found a sacrificial altar of Ru.
  6833 | D:8      | Noticed Erica
  6842 | D:8      | Reached ** piety under Makhleb
  6950 | D:7      | Killed Erica
  6950 | D:7      | Reached skill level 5 in Fighting
  7366 | D:9      | Reached skill level 5 in Dodging
  7366 | D:9      | Reached skill level 5 in Invocations
  7530 | D:9      | Reached skill level 5 in Crossbows
  7536 | D:9      | Reached XP level 10. HP: 53/88 MP: 11/13
  7618 | D:9      | Reached skill level 11 in Axes
  8014 | D:9      | Reached *** piety under Makhleb
  8059 | D:9      | Found a hazy altar of Hepliaklqana.
  8458 | D:9      | Found a glowing silver altar of Zin.
  8499 | D:9      | Noticed a three-headed hydra
  8589 | D:9      | HP: 3/91 [three-headed hydra (5)]
  8589 | D:9      | HP: 1/91 [three-headed hydra (2)]
  8612 | D:9      | Killed a three-headed hydra
  8726 | D:9      | Reached XP level 11. HP: 39/97 MP: 14/14
  9335 | D:8      | HP: 3/97 [two-headed ogre/giant spiked club (3)]
  9579 | D:8      | Reached skill level 12 in Axes
  9592 | D:10     | Entered Level 10 of the Dungeon
  9779 | D:10     | Noticed a deep elf mage
  9795 | D:10     | Killed from afar by a deep elf mage

Skill      XL: |  1  2  3  4  5  6  7  8  9 10 11 |
---------------+----------------------------------+-----
Axes           | 3 4 6 7 8 9 10 11 12 | 12.0
Dodging        | 1 2 3 5 6 |  6.6
Fighting       | 3 4 5 6 |  6.2
Crossbows      | 1 3 5 6 |  6.7
Armour         | 4 5 6 7 |  7.3
Invocations    | 3 5 6 7 |  7.3
Shields        | |  3.2

Action                   |  1- 3 |  4- 6 |  7- 9 | 10-12 || total
-------------------------+-------+-------+-------+-------++-------
Melee: War axe           |   143 |   168 |   462 |   359 ||  1132
       Spear             |       |       |       |    34 ||    34
       Hand crossbow     |       |       |       |    15 ||    15
 Fire: Hand crossbow     |       |       |     9 |    27 ||    36
Invok: Minor Destruction |       |       |     5 |     6 ||    11
       Lesser Servant of |       |       |       |     5 ||     5
 Abil: Device Recharging |       |       |     1 |     2 ||     3
Evoke: Wand              |       |     3 |    28 |    26 ||    57
  Use: Potion            |     2 |     6 |     5 |     1 ||    14
       Scroll            |     1 |    10 |     9 |     4 ||    24
 Stab: Sleeping          |       |       |     7 |       ||     7
       Paralysed         |       |       |       |     7 ||     7
  Eat: Chunk             |     1 |     8 |    13 |     9 ||    31
Armor: Scale mail        |    15 |       |    47 |   111 ||   173
       Ring mail         |    47 |    52 |   118 |       ||   217
Dodge: Dodged            |    50 |    49 |   178 |   134 ||   411
Block: Shield            |    92 |    91 |   173 |   245 ||   601
